 Dungeon Crawl Stone Soup version 0.30-a0-867-g305f33218d (webtiles) character file.

Game seed: 5765862780600376633

385474 dolemite99 the Prince of Secrets (level 22, -9/188 HPs)
             Began as a Gnoll Necromancer on Mar 11, 2023.
             Was a High Priest of Ashenzari.
             Killed from afar by a tengu reaver (16 damage)
             ... with a bolt of lightning
             ... on level 2 of the Depths.
             The game lasted 04:05:06 (110164 turns).

dolemite99 the Prince of Secrets (GnNe)           Turns: 110164, Time: 04:05:07

Health: -9/188     AC: 20    Str: 18    XL:     22   Next: 98%
Magic:  45/45      EV: 19    Int: 23    God:    Ashenzari [*****.]
Gold:   2589       SH: 16    Dex: 12    Spells: 2/60 levels left

rFire   + + .      SeeInvis +    a - staff of earth
rCold   + + +      Faith    .    y - +1 kite shield of the Bound Evening Star {AC+3, Melee, Bglg} (curse)
rNeg    . . .      Spirit   .    j - +3 leather armour of Ashenzari's Oracle {Will+, Bglg, Fort} (curse)
rPois   +          Reflect  .    I - +1 helmet of the Visionary Burden {Cun, Range} (curse)
rElec   +          Rampage  .    D - scarf of the Manifest Empyrean {rC+ rF+, Fort, Self} (curse)
rCorr   .          Clarity  +    F - +0 pair of gloves of the Eye in the Sky {Str+3, Alch, Evo} (curse)
Will    +++..                    G - +2 pair of boots of the Enlightened Seeker {rF+, Range, Evo} (curse)
Stlth   +++++++                  W - amulet of Ashenzari's Repose {Regen+, Evo, Fort} (curse)
HPRegen 1.31/turn                d - ring of willpower
MPRegen 0.29/turn                H - ring "Affliction of Ashenzari" {rElec rPois rC+++ Str+6 Dex-2, Self, Cun} (curse)

@: flayed, animating dead, very slightly contaminated, studying Fighting
A: fangs 1, strong nose, distributed training
}: 2/15 runes: serpentine, barnacled
a: Renounce Religion, Curse Item, Shatter the Chains


You were on level 2 of the Depths.
You worshipped Ashenzari.
Ashenzari was extremely pleased with you.
You visited 9 branches of the dungeon, and saw 40 of its levels.
You also visited: Ice Cave.

You collected 6239 gold pieces.
You spent 3650 gold pieces at shops.

Inventory:

Hand Weapons
 b - a +6 vampiric demon trident
 p - a +0 hand crossbow of flaming
 w - a +4 scimitar of flaming
 U - the +1 sling of the Charming Gods {drain, rPois rN+ SInv}
   (You found it on level 4 of the Lair of Beasts)

   rPois:     It protects you from poison.
   rN:        It protects you from negative energy.
   SInv:      It lets you see invisible.
Missiles
 E - 8 throwing nets
 N - 9 javelins
 O - 4 silver javelins
 P - 18 boomerangs (quivered)
Armour
 j - the cursed +3 leather armour of Ashenzari's Oracle (worn) {Will+, Bglg, Fort}
   (You took it off a gnoll bouda on level 8 of the Dungeon)

   It has a curse which improves the following skills: Beguiling: Conjurations,
   Hexes and Translocations.
   Fortitude: Armour and Shields.
 y - the cursed +1 kite shield of the Bound Evening Star (worn) {AC+3, Melee, Bglg}
   (You took it off a naga warrior on level 4 of the Snake Pit)

   It has a curse which improves the following skills: Melee Combat: Short
   Blades, Long Blades, Axes, Maces & Flails, Polearms, Staves and Unarmed
   Combat.
   Beguiling: Conjurations, Hexes and Translocations.
 D - the cursed scarf of the Manifest Empyrean (worn) {rC+ rF+, Fort, Self}
   (You found it on level 5 of the Dungeon)

   It has a curse which improves the following skills: Fortitude: Armour and
   Shields.
   Introspection: Fighting and Spellcasting.
 F - the cursed +0 pair of gloves of the Eye in the Sky (worn) {Str+3, Alch, Evo}
   (You found it in an ice cave)

   It has a curse which improves the following skills: Alchemy: Poison Magic and
   Transmutations.
   Evocations: Evocations.
 G - the cursed +2 pair of boots of the Enlightened Seeker (worn) {rF+, Range, Evo}
   (You bought it in a shop on level 2 of the Orcish Mines)

   rF:        It protects you from fire.
   It has a curse which improves the following skills: Ranged Combat: Ranged
   Weapons and Throwing.
   Evocations: Evocations.
 I - the cursed +1 helmet of the Visionary Burden (worn) {Cun, Range}
   (You found it on level 8 of the Dungeon)

   It has a curse which improves the following skills: Cunning: Dodging and
   Stealth.
   Ranged Combat: Ranged Weapons and Throwing.
Magical Staves
 a - a staff of earth (weapon)
 c - a staff of cold
 l - a staff of fire
 o - a staff of conjuration
 B - a staff of air
Jewellery
 d - a ring of willpower (left hand)
 e - a ring of resist corrosion
 s - a ring of wizardry
 z - the ring "Quis" {Int+3 Dex+6}
   (You found it on level 14 of the Dungeon)

   [ring of dexterity]

   Int:       It affects your intelligence (+3).
   Dex:       It affects your dexterity (+6).
 H - the cursed ring "Affliction of Ashenzari" (right hand) {rElec rPois rC+++ Str+6 Dex-2, Self, Cun}
   (You acquired it on level 9 of the Dungeon)

   [ring of strength]

   Str:       It affects your strength (+6).
   Dex:       It affects your dexterity (-2).
   rC:        It renders you almost immune to cold.
   rElec:     It insulates you from electricity.
   rPois:     It protects you from poison.
   It has a curse which improves the following skills: Introspection: Fighting
   and Spellcasting.
   Cunning:   Dodging and Stealth.
 M - the amulet of the Four Winds {rN+ Will+++ Clar}
   (You took it off a deep elf annihilator on level 3 of the Elven Halls)

   [amulet of nothing]

   rN:        It protects you from negative energy.
   Clar:      It protects you against confusion.
   Will:      It greatly increases your willpower.
 W - the cursed amulet of Ashenzari's Repose (around neck) {Regen+, Evo, Fort}
   (You found it on level 12 of the Dungeon)

   [amulet of regeneration]

   Regen:     It increases your rate of health regeneration.
   It has a curse which improves the following skills: Evocations: Evocations.
   Fortitude: Armour and Shields.
 Z - a ring of protection from cold
Wands
 S - a wand of roots (16)
 T - a wand of mindburst (13)
Scrolls
 f - 5 scrolls of fog
 q - 4 scrolls of silence
 C - 3 scrolls of magic mapping
 L - 2 scrolls of fear
 Q - 4 scrolls of blinking
 R - 3 scrolls of immolation
 X - 12 scrolls of teleportation
 Y - a scroll of amnesia
Potions
 g - 4 potions of flight
 i - 14 potions of curing
 k - 5 potions of cancellation
 m - 2 potions of might
 r - a potion of brilliance
 t - 2 potions of magic
 u - 3 potions of haste
 v - a potion of resistance
 A - 10 potions of heal wounds
 J - 2 potions of ambrosia
Miscellaneous
 h - a box of beasts (inert)
 n - a condenser vane (inert)
 x - a tin of tremorstones (inert)
 V - a phial of floods (inert)


   Skills:
 + Level 16.1(19.4) Fighting
 + Level 15.9(18.1) Short Blades
 + Level 15.9(18.1) Long Blades
 + Level 15.9(18.1) Axes
 + Level 15.9(18.1) Maces & Flails
 + Level 15.9(18.1) Polearms
 + Level 15.9(18.1) Staves
 + Level 15.9(19.2) Ranged Weapons
 + Level 15.9(19.2) Throwing
 + Level 15.9(20.3) Armour
 + Level 16.5(19.8) Dodging
 + Level 16.4(19.7) Stealth
 + Level 15.9(20.3) Shields
 + Level 15.9(18.1) Unarmed Combat
 + Level 16.6(19.9) Spellcasting
 + Level 13.5(16.9) Conjurations
 + Level 13.5(16.9) Hexes
 + Level 13.5 Summonings
 + Level 15.1 Necromancy
 + Level 13.5(16.9) Translocations
 + Level 13.5(15.7) Transmutations
 + Level 13.5 Fire Magic
 + Level 13.5 Ice Magic
 + Level 13.5 Air Magic
 + Level 13.5 Earth Magic
 + Level 13.5(15.7) Poison Magic
 + Level 17.2 Invocations
 + Level 15.9(20.3) Evocations


You had 2 spell levels left.
You knew the following spells:

 Your Spells              Type           Power      Damage    Failure   Level
a - Borgnjor's Vile Clut  Necr/Erth      46%        N/A       1%          5
b - Simulacrum            Ice/Necr       36%        N/A       1%          6
c - Iron Shot             Conj/Erth      48%        9d9       1%          6
d - Eringya's Noxious Bo  Tmut/Pois      38%        N/A       1%          6
e - Starburst             Conj/Fire      37%        6d11      1%          6
f - Mephitic Cloud        Conj/Pois/Air  76%        N/A       0%          3
g - Statue Form           Tmut/Erth      62%        N/A       1%          6
h - Malign Gateway        Summ/Tloc      37%        N/A       4%          7
i - Vampiric Draining     Necr           75%        2d11      1%          3
j - Sublimation of Blood  Necr           75%        N/A       0%          2
k - Blink                 Tloc           100%       N/A       0%          2
l - Passwall              Tmut/Erth      78%        N/A       0%          2
z - Animate Dead          Necr           75%        N/A       1%          4

Your spell library contained the following spells:

 Spells                   Type           Power      Damage    Failure   Level
 Freeze                   Ice            100%       1d10      0%          1
 Magic Dart               Conj           100%       1d8       0%          1
 Necrotise                Necr           100%       1d9       0%          1
 Shock                    Conj/Air       100%       1d9       0%          1
 Summon Small Mammal      Summ           100%       N/A       0%          1
 Cigotuvi's Dreadful Rot  Necr/Pois/Air  100%       N/A       0%          2
 Ensorcelled Hibernation  Hex/Ice        100%       N/A       0%          2
 Lesser Beckoning         Tloc           100%       N/A       0%          2
 Static Discharge         Conj/Air       100%       2-7/arc   0%          2
 Call Imp                 Summ           71%        N/A       1%          2
 Scorch                   Fire           100%       2d10      1%          2
 Dazzling Flash           Conj/Hex       100%       N/A       0%          3
 Gell's Gravitas          Tloc           79%        N/A       0%          3
 Portal Projectile        Hex/Tloc       100%       N/A       0%          3
 Spider Form              Tmut/Pois      77%        N/A       0%          3
 Teleport Other           Tloc           79%        N/A       0%          3
 Call Canine Familiar     Summ           71%        N/A       1%          3
 Frozen Ramparts          Ice            100%       1d16      1%          3
 Hailstorm                Conj/Ice       75%        3d15      1%          3
 Ignite Poison            Fire/Tmut/Pois 75%        N/A       1%          3
 Kindle Blastsparks       Fire/Tloc/Air  100%       2d18      1%          3
 Ozocubu's Armour         Ice            71%        N/A       1%          3
 Summon Guardian Golem    Hex/Summ       75%        N/A       1%          3
 Swiftness                Air            71%        N/A       1%          3
 Vhi's Electric Charge    Tloc/Air       100%       N/A       1%          3
 Airstrike                Air            35%        2d(6-22)  1%          4
 Anguish                  Hex/Necr       38%        N/A       1%          4
 Animate Armour           Summ/Erth      100%       N/A       1%          4
 Fulminant Prism          Conj/Hex       39%        3d17      1%          4
 Ice Form                 Ice/Tmut       74%        N/A       1%          4
 Iskenderun's Mystic Bla  Conj/Tloc      79%        2d16      1%          4
 Leda's Liquefaction      Hex/Erth       48%        N/A       1%          4
 Manifold Assault         Tloc           79%        N/A       1%          4
 Passage of Golubria      Tloc           79%        N/A       1%          4
 Petrify                  Tmut/Erth      94%        N/A       1%          4
 Sticky Flame             Conj/Fire      75%        2d9       1%          4
 Summon Ice Beast         Ice/Summ       71%        N/A       1%          4
 Agony                    Necr           75%        N/A       1%          5
 Alistair's Intoxication  Tmut/Pois      51%        N/A       1%          5
 Arcjolt                  Conj/Air       37%        1d47      1%          5
 Blade Hands              Tmut           38%        N/A       1%          5
 Freezing Cloud           Conj/Ice/Air   37%        6-21      1%          5
 Irradiate                Conj/Tmut      39%        3d24      1%          5
 Iskenderun's Battlesphe  Conj           79%        2d13      1%          5
 Lee's Rapid Deconstruct  Erth           45%        3d22*     1%          5
 Lightning Bolt           Conj/Air       37%        1d56      1%          5
 Metabolic Englaciation   Hex/Ice        37%        N/A       1%          5
 Silence                  Hex/Air        37%        N/A       1%          5
 Summon Mana Viper        Hex/Summ       75%        N/A       1%          5
 Yara's Violent Unravell  Hex/Tmut       39%        3d16      1%          5
 Conjure Ball Lightning   Conj/Air       37%        3x3d12    1%          6
 Enfeeble                 Hex            39%        N/A       2%          7
 Dragon Form              Tmut           38%        N/A       4%          7
 Spellforged Servitor     Conj/Summ      37%        N/A       4%          7
 Storm Form               Tmut/Air       37%        N/A       6%          7
 Discord                  Hex            39%        N/A       19%         8
 Disjunction              Tloc           39%        N/A       19%         8
 Ignition                 Fire           35%        3d11      61%         8
 Summon Horrible Things   Summ           35%        N/A       61%         8


Dungeon Overview and Level Annotations

Branches:
Dungeon (15/15)            Temple (1/1) D:7            Lair (5/5) D:11
 Shoals (4/4) Lair:3        Snake (4/4) Lair:2        Slime (0/5) Lair:4
    Orc (2/2) D:11            Elf (3/3) Orc:2        Vaults (4/5) D:14
  Crypt (0/3) Vaults:3     Depths (2/4) D:15          IceCv (visited)

Altars:
Ashenzari
Cheibriados
Dithmenos
Elyvilon
Fedhas
Gozag
Hepliaklqana
Kikubaaqudgha
Makhleb
Nemelex Xobeh
Okawaru
Qazlal
Ru
Sif Muna
Trog
Uskayaw
Vehumet
Wu Jian
Xom
Yredelemnul
Zin
The Shining One
Jiyva

Shops:
D:2 ??:(   D:5 (   D:6 (   D:10 (!:([   Orc:2 (([(***   Elf:1 *:(   Elf:3 !([
Shoals:3 [   Snake:2 ((   Snake:3 :   Vaults:3 (   Vaults:4 [

Portals:
Hell: Depths:1
Abyss: Depths:2
Pandemonium: Depths:2
Ziggurat: Depths:1
Trove: D:10 (give mace of Context)

Annotations:
Shoals:2 exclusion: door
Elf:2 3 runed translucent doors
Vaults:2 2 transporters
Depths:2 Asterion


Innate Abilities, Weirdness & Mutations

You have very sharp teeth.
Your uncanny sense of smell can sniff out nearby items.
Your experience applies equally to all skills.


Message History

The hell knight burns your deep troll earth mage zombie.
Asterion mumbles some strange prayers to Makhleb.
Asterion seems to speed up.
The stone giant is engulfed in noxious fumes.
Your deep troll earth mage zombie bites the sphinx!!
Your deep troll earth mage zombie claws the sphinx! x2
The spriggan rider hits your deep troll earth mage zombie with a +0 spear!
The tengu reaver casts a spell at you.
The bolt of acid hits your spriggan berserker zombie!!
The bolt of acid hits you!!!
* * * LOW HITPOINT WARNING * * *
Unknown command.
You feel much better.
The hell knight utters an invocation to its god.
The hell knight blinks!
The sphinx casts a spell.
Your deep troll earth mage zombie barely resists.
The spriggan rider is engulfed in noxious fumes.
You block the spriggan rider's attack.
Your deep troll zombie bites the deep troll.
Your deep troll zombie claws the deep troll. x2
The deep troll bites your deep troll zombie!!
The deep troll claws your deep troll zombie.
The deep troll claws your deep troll zombie!!
Your deep troll zombie is destroyed!
The stone giant throws a large rock.
The large rock barely misses your deep troll earth mage zombie.
The stone giant hits you!!
* * * LOW HITPOINT WARNING * * *
A hell knight comes into view. It is wielding a +1 demon whip.
Some rock shatters into small pieces.
A deep troll comes into view.
Your deep troll earth mage zombie bites the stone giant but does no damage.
Your deep troll earth mage zombie claws the stone giant. x2
The tengu reaver casts a spell at you.
The bolt of lightning hits your spriggan berserker zombie!!
The bolt of lightning hits you! You resist.
* * * LOW HITPOINT WARNING * * *
The bolt of lightning hits you! You resist.
You die...

, *, , * * * ,,
, .≈≈#*
~###≈≈$.#* , ,
,
..≈≈###~#≈≈...#
, , , *
....≈≈~≈≈....#
*, , ,,
,.............#
,,
*,,.........[.#
*# * *, ,,
.........###..,
,,, *
*#.....T......
, * *
*#@Z).Q.T...,
,,* , ,*
#ZC○[[°C#.. ,
,* * ###i#<#.§,
,, * *, ,,
***#piZZ... **
,* *, * ,


p{p.H{T .,, , * *, *...#pTT. * , , * #∆#*{HW.. , , , ,,* #{ {, .∩. , , , ,,
{.{{{, ,..###* You could see Asterion (fast), a sphinx (ally target), an iron
troll, 2 stone giants, a tengu reaver (ally target), 3 hell knights, 2 spriggan
riders, a flayed ghost, 3 deep trolls, a deep troll shaman, a friendly spriggan
berserker zombie and 3 friendly deep troll earth mage zombies.

Vanquished Creatures
  A tentacled monstrosity (Depths:2)
  Mlioglotl (Snake:4)
  Jorgrun (Shoals:1)
  A titan (Depths:1)
  2 deep elf blademasters (Elf:3)
  3 sphinxes
  Polyphemus (Shoals:4)
  A deep elf master archer (Elf:3)
  Agnes (Snake:2)
  4 nagarajas (Snake:4)
  Kirke (Snake:4)
  3 frost giants
  A fire giant (Depths:2)
  3 deep elf sorcerers (Elf:3)
  7 vault wardens
  3 deep elf elementalists (Elf:3)
  10 ironbound preservers
  4 ironbound thunderhulks
  2 very ugly things (Vaults:4)
  A vampire knight (Depths:1)
  4 stone giants
  Nessos (D:15)
  5 deep elf demonologists
  6 deep elf annihilators
  2 minotaurs (Shoals:4)
  6 dire elephants
  Snorg (D:14)
  2 deep elf death magi (Elf:3)
  A merfolk impaler (Shoals:1)
  7 ettins
  3 great orbs of eyes
  8 yaktaur captains
  3 fire dragons
  8 deep elf high priests (Elf:3)
  5 salamander tyrants
  7 vault guards (Vaults:4)
  Fannar (Orc:1)
  2 hydras
  A peacekeeper (Vaults:3)
  4 ice dragons
  2 spriggan air magi (Depths:2)
  Erolcha (D:11)
  A merfolk avatar (Shoals:4)
  2 ironbound frosthearts
  12 naga warriors
  2 catoblepae
  12 centaur warriors
  A tengu warrior (D:13)
  8 anacondas
  A merfolk aquamancer (Shoals:2)
  8 death yaks
  A death knight (D:15)
  A deep troll shaman (Depths:1)
  7 boulder beetles
  3 deep troll earth magi
  2 two-headed ogres
  4 orc high priests
  9 satyrs (Shoals:4)
  10 dancing weapons
  3 shock serpents
  A hell knight (Depths:2)
  8 naga sharpshooters
  A spriggan berserker (Depths:2)
  A hell hog (Depths:1)
  A fire crab (shapeshifter) (Depths:2)
  3 skysharks
  5 salamander mystics
  17 deep elf knights
  An iron troll (Depths:1)
  4 skeletal warriors
  6 sea snakes
  31 deep trolls
  11 ironbound convokers
  10 orc knights
  11 deep elf archers
  A glowing orange brain (Depths:2)
  7 naga ritualists
  2 wizards
  18 harpies
  5 lindwurms
  23 deep elf pyromancers
  5 orc sorcerers
  3 phantasmal warriors
  6 cyclopes
  13 deep elf zephyrmancers
  5 mana vipers
  18 ugly things
  2 necromancers
  13 salamanders
  A manticore (shapeshifter) (Vaults:2)
  43 black mambas
  4 fauns (Shoals:4)
  13 manticores
  11 elephants
  4 merfolk sirens
  8 vault sentinels
  A guardian serpent (Snake:3)
  Maurice (Orc:2)
  A gargoyle (D:13)
  5 torpor snails (Lair:5)
  17 naga magi
  4 ice statues
  An unseen horror (shapeshifter) (D:13)
  4 cane toads
  17 yaktaurs
  An anaconda simulacrum (IceCv)
  2 unseen horrors
  4 rime drakes
  A freezing wraith (D:15)
  A tengu conjurer (D:15)
  2 efreet
  10 komodo dragons
  3 wind drakes
  A polar bear (Lair:5)
  5 trolls
  14 merfolk
  3 tyrant leeches (Lair:5)
  5 hornets
  A blink frog (shapeshifter) (Elf:2)
  4 snapping turtles
  9 dream sheep
  10 blink frogs
  17 slime creatures
  5 wraiths
  A vampire (D:13)
  18 yaks
  An air elemental (Elf:2)
  3 fire elementals
  A dire elephant simulacrum (IceCv)
  16 water elementals
  2 wyverns
  6 hogs (Snake:4)
  4 shadows
  9 humans (D:14)
  A slime creature zombie (Vaults:4)
  Grum (D:11)
  3 basilisks
  3 steam dragons
  A death yak simulacrum (IceCv)
  16 vampire mosquitoes
  A two-headed ogre zombie (D:11)
  7 wargs
  36 nagas
  A salamander zombie (Snake:4)
  3 acid dragons
  9 water moccasins
  2 ice beasts
  A snapping turtle zombie (Shoals:1)
  A black bear (Lair:3)
  44 orc warriors
  4 sky beasts
  A manticore zombie (Shoals:3)
  An elf zombie (Elf:3)
  2 ogres
  A boggart (D:15)
  10 wolves
  6 centaurs
  2 phantoms
  6 kobold brigands
  17 bullfrogs
  2 gnoll sergeants
  An earth elemental (Elf:3)
  3 scorpions
  A cane toad simulacrum (IceCv)
  7 wights
  A hornet simulacrum (D:12)
  4 troll zombies (D:11)
  2 elephant simulacra (IceCv)
  A naga zombie (Snake:3)
  13 killer bees
  8 howler monkeys
  6 electric eels (D:11)
  3 hounds
  3 jellies
  9 orc priests
  2 gnoll boudas
  2 sleepcaps (D:5)
  4 iguanas
  15 orc wizards
  Terence (D:2)
  A wolf simulacrum (IceCv)
  3 ogre zombies (D:11)
  15 gnolls
  4 river rats (D:3)
  6 adders
  2 shadow imps (D:7)
  2 worms
  A dart slug (D:3)
  65 orcs
  5 endoplasms
  6 giant cockroaches
  12 goblins
  6 hobgoblins
  8 jackals
  A quokka (D:4)
  2 ball pythons (D:1)
  7 bats
  A frilled lizard (D:1)
  2 goblin skeletons (D:11)
  3 goblin zombies (D:11)
  3 hobgoblin skeletons (D:11)
  3 hobgoblin zombies (D:11)
  40 kobolds
  An orc skeleton (D:11)
  16 orc zombies
  5 rats
1232 creatures vanquished.

Vanquished Creatures (collateral kills)
  A lich (Depths:2)
  A titan (Depths:1)
  A deep elf blademaster (Elf:3)
  A sphinx (Depths:2)
  A tengu reaver (Vaults:2)
  Ilsuiw (Shoals:3)
  A fire giant (Depths:2)
  Louise (Shoals:3)
  4 vault wardens
  A deep elf sorcerer (Elf:3)
  9 ironbound preservers
  A war gargoyle (Vaults:1)
  An orc warlord (Vaults:4)
  3 stone giants
  A reaper (Depths:1)
  A very ugly thing (Vaults:4)
  3 ironbound thunderhulks
  A deep elf demonologist (Elf:3)
  2 dire elephants (Vaults:4)
  A minotaur (Shoals:4)
  A deep elf annihilator (Elf:3)
  An ettin (Depths:1)
  2 merfolk impalers (Shoals:3)
  A deep elf death mage (Elf:1)
  A merfolk javelineer (Shoals:3)
  6 yaktaur captains
  3 great orbs of eyes
  2 rakshasas (Depths:1)
  An ice dragon (Depths:1)
  A hell beast (Depths:1)
  A vault guard (Vaults:1)
  A merfolk avatar (Shoals:4)
  An ironbound frostheart (Vaults:3)
  A boulder beetle (D:8)
  2 anacondas (Snake:3)
  5 centaur warriors
  2 merfolk aquamancers (Shoals:4)
  A catoblepas (Shoals:4)
  2 deep troll earth magi (Depths:2)
  4 satyrs (Shoals:4)
  A deep troll shaman (Depths:1)
  A two-headed ogre (D:8)
  A death yak (Lair:4)
  A naga warrior (Snake:1)
  3 spriggan berserkers
  A deep elf knight (Elf:3)
  A naga sharpshooter (Snake:1)
  A skyshark (Shoals:2)
  An iron troll (Depths:1)
  A salamander mystic (Snake:4)
  2 spriggan riders
  2 sea snakes
  A quicksilver dragon simulacrum (Depths:1)
  A flayed ghost (Depths:1)
  30 deep trolls
  5 naga ritualists
  4 ironbound convokers
  3 deep elf archers
  A phantasmal warrior (Vaults:3)
  14 ugly things
  2 lindwurms
  2 orc knights
  5 wizards
  2 deep elf pyromancers
  5 deep elf zephyrmancers
  13 harpies
  An orc sorcerer (Elf:1)
  2 mana vipers (Snake:1)
  8 manticores
  13 fauns
  2 cyclopes
  An elephant (Lair:5)
  2 salamanders
  11 black mambas
  5 merfolk sirens
  6 vault sentinels
  5 naga magi
  2 water nymphs
  15 yaktaurs
  4 hornets
  11 merfolk
  3 wind drakes
  A troll (D:11)
  2 blink frogs (Lair:3)
  A dream sheep (Shoals:4)
  2 snapping turtles
  33 slime creatures
  2 spriggans (Depths:1)
  10 yaks
  A water elemental (Shoals:4)
  A wraith (D:15)
  2 humans (D:14)
  A fire elemental (Elf:1)
  A steam dragon (Lair:4)
  2 basilisks
  A warg (Elf:1)
  2 vampire mosquitoes (D:13)
  4 nagas
  A water moccasin (Lair:3)
  An ice beast (D:8)
  3 black bears (Lair:3)
  A sky beast (D:8)
  A dream sheep zombie (Shoals:2)
  An orc warrior (Orc:2)
  2 ogres
  5 wolves (Lair:5)
  A centaur (shapeshifter) (Elf:3)
  A kobold brigand (D:9)
  2 wights (D:8)
  3 killer bees
  An orc priest (D:8)
  2 orc wizards
  7 orcs
  2 goblins (D:8)
  2 hobgoblins (D:8)
  A frilled lizard (D:2)
  5 kobolds
  A rat (D:1)
379 creatures vanquished.

Vanquished Creatures (others)
  12 eldritch tentacles
  A vault guard (D:14)
  A centaur warrior (Vaults:1)
  5 anaconda zombies
  A deep troll (Vaults:2)
  8 ugly thing zombies
  A sphinx zombie (Depths:2)
  An ugly thing (Vaults:1)
  A deep elf zephyrmancer (Elf:2)
  A deep elf pyromancer (Elf:3)
  2 stone giant zombies
  A shock serpent zombie (Snake:4)
  A black mamba (Snake:3)
  2 centaur zombies
  11 human zombies
  A yaktaur (Vaults:2)
  3 harpy zombies
  An ettin zombie (Depths:2)
  A slime creature (Vaults:1)
  10 black mamba zombies
  A water elemental (Elf:1)
  4 spriggan zombies
  A yak (D:8)
  14 slime creature zombies
  A two-headed ogre zombie (D:8)
  A faun zombie (Shoals:4)
  A water moccasin (D:8)
  7 deep troll zombies
  3 merfolk zombies (Shoals:2)
  2 orc warriors (Elf:2)
  A sky beast (D:10)
  A lindwurm zombie (Vaults:1)
  2 hornet zombies (Depths:1)
  3 elephant zombies (Lair:5)
  A manticore zombie (D:14)
  14 elf zombies
  A blink frog zombie (Lair:3)
  3 vampire mosquito zombies
  5 salamander zombies (Snake:4)
  3 yaktaur zombies
  3 water moccasin zombies
  A killer bee (D:8)
  2 troll zombies
  8 yak zombies
  6 wolf zombies
  A bullfrog zombie (D:7)
  A basilisk zombie (D:14)
  A black bear zombie (Lair:3)
  14 naga zombies
  An ice beast zombie (D:8)
  A gnoll (D:9)
  A gnoll zombie (D:11)
  20 orc zombies
  A kobold zombie (D:10)
  51 fungi
  144 plants
390 creatures vanquished.

Grand Total: 2001 creatures vanquished

Notes
Turn   | Place    | Note
-------+----------+-------------------------------------------
     0 | D:1      | dolemite99 the Gnoll Necromancer began the quest for the
                  | Orb.
     0 | D:1      | Reached XP level 1. HP: 13/13 MP: 6/6
   324 | D:1      | Reached XP level 2. HP: 19/19 MP: 2/7
   976 | D:1      | Reached skill level 5 in Spellcasting
   976 | D:1      | Reached XP level 3. HP: 25/25 MP: 6/9
  1780 | D:2      | Reached skill level 1 in Invocations
  2009 | D:2      | Noticed Terence
  2050 | D:2      | Learned a level 3 spell: Vampiric Draining
  2092 | D:2      | Reached skill level 1 in Fighting
  2092 | D:2      | Reached skill level 1 in Short Blades
  2092 | D:2      | Reached skill level 1 in Long Blades
  2092 | D:2      | Reached skill level 1 in Axes
  2092 | D:2      | Reached skill level 1 in Maces & Flails
  2092 | D:2      | Reached skill level 1 in Polearms
  2092 | D:2      | Reached skill level 1 in Staves
  2092 | D:2      | Reached skill level 1 in Ranged Weapons
  2092 | D:2      | Reached skill level 1 in Throwing
  2092 | D:2      | Reached skill level 1 in Armour
  2092 | D:2      | Reached skill level 1 in Shields
  2092 | D:2      | Reached skill level 1 in Unarmed Combat
  2092 | D:2      | Reached skill level 1 in Evocations
  2110 | D:2      | Found Tabeag's Magic Scroll Shop.
  2118 | D:2      | Bought a scroll of identify for 28 gold pieces
  2170 | D:2      | Reached XP level 4. HP: 32/32 MP: 7/11
  2206 | D:2      | Found Mimynity's Book Shop.
  2295 | D:2      | Learned a level 4 spell: Animate Dead
  2385 | D:2      | Found Menuwopp's Weapon Shop.
  2794 | D:2      | Found Ifoam's Magic Scroll Shop.
  2801 | D:2      | Killed Terence
  2802 | D:2      | Reached skill level 1 in Conjurations
  2802 | D:2      | Reached skill level 1 in Hexes
  2802 | D:2      | Reached skill level 1 in Summonings
  2802 | D:2      | Reached skill level 1 in Translocations
  2802 | D:2      | Reached skill level 1 in Transmutations
  2802 | D:2      | Reached skill level 1 in Fire Magic
  2802 | D:2      | Reached skill level 1 in Ice Magic
  2802 | D:2      | Reached skill level 1 in Air Magic
  2802 | D:2      | Reached skill level 1 in Earth Magic
  2802 | D:2      | Reached skill level 1 in Poison Magic
  2961 | D:2      | Bought a scroll of identify for 20 gold pieces
  3136 | D:3      | Learned a level 1 spell: Shock
  3360 | D:3      | Reached XP level 5. HP: 34/37 MP: 3/12
  4830 | D:4      | Reached skill level 2 in Invocations
  5080 | D:3      | Reached XP level 6. HP: 44/44 MP: 9/13
  5322 | D:3      | Found a hazy altar of Hepliaklqana.
  5529 | D:4      | Reached skill level 5 in Dodging
  5605 | D:4      | Identified the +4 ring mail of Defence {Dex+3}
  5756 | D:4      | Found a glowing golden altar of the Shining One.
  6027 | D:4      | Learned a level 3 spell: Mephitic Cloud
  6262 | D:4      | Noticed an ice beast
  6418 | D:5      | Entered Level 5 of the Dungeon
  6428 | D:4      | Learned a level 1 spell: Necrotise
  6726 | D:5      | Found a hide-covered altar of Uskayaw.
  7200 | D:5      | Reached XP level 7. HP: 48/51 MP: 15/15
  7442 | D:5      | Noticed a +0 dagger
  7443 | D:5      | Noticed a +0 dagger
  7686 | D:6      | Found Vyanupn's Weapon Emporium.
  7839 | D:5      | Reached skill level 5 in Stealth
  8018 | D:5      | Reached skill level 3 in Invocations
  8477 | D:6      | Reached XP level 8. HP: 58/58 MP: 16/16
  8821 | D:6      | Found a bloodstained altar of Trog.
  9690 | D:2      | Bought a scroll of blinking for 75 gold pieces
  9690 | D:2      | Bought a scroll of teleportation for 30 gold pieces
  9690 | D:2      | Bought a scroll of fear for 40 gold pieces
  9690 | D:2      | Bought 2 scrolls of teleportation for 60 gold pieces
 10031 | D:7      | Reached skill level 4 in Invocations
 10524 | D:7      | Reached XP level 9. HP: 65/65 MP: 8/18
 11140 | D:7      | Found a staircase to the Ecumenical Temple.
 11178 | Temple   | Entered the Ecumenical Temple
 11243 | Temple   | Became a worshipper of Ashenzari the Shackled
 11553 | D:8      | Found a shimmering altar of Xom.
 11917 | D:8      | Reached skill level 5 in Invocations
 12411 | D:8      | Noticed a komodo dragon
 12421 | D:8      | Killed a komodo dragon
 12422 | D:8      | Reached skill level 5 in Fighting
 12422 | D:8      | Reached skill level 5 in Short Blades
 12422 | D:8      | Reached skill level 5 in Long Blades
 12422 | D:8      | Reached skill level 5 in Axes
 12422 | D:8      | Reached skill level 5 in Maces & Flails
 12422 | D:8      | Reached skill level 5 in Polearms
 12422 | D:8      | Reached skill level 5 in Staves
 12422 | D:8      | Reached skill level 5 in Ranged Weapons
 12422 | D:8      | Reached skill level 5 in Throwing
 12422 | D:8      | Reached skill level 5 in Armour
 12422 | D:8      | Reached skill level 5 in Shields
 12422 | D:8      | Reached skill level 5 in Unarmed Combat
 12422 | D:8      | Reached skill level 5 in Evocations
 12422 | D:8      | Reached XP level 10. HP: 74/74 MP: 18/20
 12533 | D:8      | Noticed a skeletal warrior
 12697 | D:8      | Learned a level 4 spell: Anguish
 12706 | D:8      | Learned a level 5 spell: Borgnjor's Vile Clutch
 12838 | D:8      | Noticed a centaur warrior
 12996 | D:7      | Learned a level 4 spell: Airstrike
 14256 | D:8      | Found an opulent altar of Gozag.
 14572 | D:9      | Reached skill level 6 in Invocations
 14740 | D:9      | Found a stormy altar of Qazlal.
 14743 | D:9      | Found an iron altar of Okawaru.
 14865 | D:9      | Reached * piety under Ashenzari
 15628 | D:8      | Noticed a two-headed ogre
 15629 | D:8      | Reached skill level 5 in Conjurations
 15629 | D:8      | Reached skill level 5 in Hexes
 15629 | D:8      | Reached skill level 5 in Summonings
 15629 | D:8      | Reached skill level 5 in Translocations
 15629 | D:8      | Reached skill level 5 in Transmutations
 15629 | D:8      | Reached skill level 5 in Fire Magic
 15629 | D:8      | Reached skill level 5 in Ice Magic
 15629 | D:8      | Reached skill level 5 in Air Magic
 15629 | D:8      | Reached skill level 5 in Earth Magic
 15629 | D:8      | Reached skill level 5 in Poison Magic
 15629 | D:8      | Reached skill level 7 in Invocations
 15629 | D:8      | Reached XP level 11. HP: 86/86 MP: 24/24
 15647 | D:8      | Killed a two-headed ogre
 15680 | D:8      | Identified the cursed scarf of the Manifest Empyrean {rC+
                  | rF+, Fort, Self} (You found it on level 5 of the Dungeon)
 15801 | D:8      | Noticed a boulder beetle
 15824 | D:8      | Killed a boulder beetle
 16034 | D:8      | Noticed a centaur warrior
 16044 | D:8      | Killed a centaur warrior
 16146 | D:8      | Noticed a red ugly thing
 16207 | D:8      | Noticed a green ugly thing
 16697 | D:8      | Killed a green ugly thing
 16698 | D:8      | Reached XP level 12. HP: 85/94 MP: 18/26
 17183 | D:8      | Identified the Grimoire of Location and the Tropics
 17193 | D:8      | Learned a level 4 spell: Sticky Flame
 17662 | D:9      | Reached skill level 8 in Invocations
 18262 | D:9      | Identified a scroll of acquirement
 18269 | D:9      | Acquired the ring "Nuegoeq" {rElec rPois rC+++ Str+6 Dex-2}
 18273 | D:9      | Reached ** piety under Ashenzari
 18799 | D:8      | Learned a level 3 spell: Teleport Other
 18853 | D:10     | Entered Level 10 of the Dungeon
 18861 | D:10     | Found a portal to a secret trove of treasure.
 19326 | D:10     | Found Oleonuf's Book Shoppe.
 19677 | D:10     | Identified the +2 long sword "Demonbane" {elec, rElec SInv
                  | Stlth+}
 19909 | D:10     | Noticed a two-headed ogre
 19948 | D:10     | Killed a two-headed ogre
 20910 | D:10     | Found Githir's Antique Armour Emporium.
 20921 | D:10     | Bought a bloodstained scale mail for 216 gold pieces
 20921 | D:10     | Identified the +2 scale mail of the Devil {rElec rC+
                  | Slay+3} (You bought it in a shop on level 10 of the
                  | Dungeon)
 21422 | D:10     | Found Ycsunawn's Weapon Shoppe.
 21443 | D:10     | Noticed a centaur warrior
 21451 | D:10     | Killed a centaur warrior
 21550 | D:10     | Found Qiogh's Distillery.
 21558 | D:10     | Bought a potion of curing for 48 gold pieces
 21561 | D:10     | Found Samana's Weapon Boutique.
 21880 | D:11     | Noticed Grum
 22964 | D:11     | Found a staircase to the Orcish Mines.
 22964 | D:11     | Found a staircase to the Lair.
 22972 | Lair:1   | Entered Level 1 of the Lair of Beasts
 25264 | Lair:2   | Found a staircase to the Snake Pit.
 26839 | Lair:3   | Reached XP level 13. HP: 99/103 MP: 4/28
 27486 | Lair:3   | Found a staircase to the Shoals.
 27505 | Lair:3   | Reached skill level 9 in Invocations
 27707 | Lair:3   | Reached skill level 10 in Necromancy
 29258 | Lair:3   | Reached skill level 10 in Spellcasting
 30570 | Lair:3   | Reached skill level 10 in Dodging
 32477 | Lair:4   | Identified the +1 sling of the Charming Gods {drain, rPois
                  | rN+ SInv}
 32776 | Lair:4   | Found a viscous altar of Jiyva.
 32777 | Lair:4   | Found a staircase to the Slime Pits.
 33023 | Lair:4   | Reached skill level 10 in Stealth
 33808 | Lair:4   | Reached skill level 10 in Invocations
 33808 | Lair:4   | Reached XP level 14. HP: 88/113 MP: 7/30
 34128 | Lair:4   | Learned a level 5 spell: Metabolic Englaciation
 34229 | Lair:4   | Learned a level 5 spell: Lee's Rapid Deconstruction
 34331 | Lair:5   | Entered Level 5 of the Lair of Beasts
 36633 | Lair:5   | Found a runed translucent door.
 37105 | Lair:5   | Reached *** piety under Ashenzari
 37966 | D:11     | Killed Grum
 37969 | D:11     | Your ally Grum died
 39423 | D:11     | Noticed Erolcha
 39433 | D:11     | Killed Erolcha
 40267 | Orc:1    | Entered Level 1 of the Orcish Mines
 40270 | Orc:1    | Reached skill level 10 in Fighting
 40270 | Orc:1    | Reached skill level 10 in Short Blades
 40270 | Orc:1    | Reached skill level 10 in Long Blades
 40270 | Orc:1    | Reached skill level 10 in Axes
 40270 | Orc:1    | Reached skill level 10 in Maces & Flails
 40270 | Orc:1    | Reached skill level 10 in Polearms
 40270 | Orc:1    | Reached skill level 10 in Staves
 40270 | Orc:1    | Reached skill level 10 in Ranged Weapons
 40270 | Orc:1    | Reached skill level 10 in Throwing
 40270 | Orc:1    | Reached skill level 10 in Armour
 40270 | Orc:1    | Reached skill level 10 in Shields
 40270 | Orc:1    | Reached skill level 10 in Unarmed Combat
 40270 | Orc:1    | Reached skill level 10 in Evocations
 40599 | Orc:1    | Found a frozen archway.
 40609 | IceCv    | Entered an ice cave
 42013 | IceCv    | Reached XP level 15. HP: 122/122 MP: 12/32
 42242 | IceCv    | Reached skill level 11 in Invocations
 42568 | IceCv    | Reached **** piety under Ashenzari
 42760 | Orc:2    | Entered Level 2 of the Orcish Mines
 42760 | Orc:2    | Noticed Maurice
 42760 | Orc:2    | Found Yrus's Assorted Antiques.
 42770 | Orc:2    | Killed Maurice
 42807 | Orc:2    | Found a staircase to the Elven Halls.
 42971 | Orc:2    | Found Osmudar's General Store.
 42978 | Orc:1    | Noticed Fannar
 43005 | Orc:1    | Killed Fannar
 45132 | Orc:2    | Found Foefec's Weapon Emporium.
 45132 | Orc:2    | Found Ror Wikh's Assorted Antiques.
 46137 | Orc:2    | Found Zaoffeus's Antique Weapon Emporium.
 46137 | Orc:2    | Found Deuzyg's Antique Armour Shop.
 46211 | Orc:2    | Bought a potion of heal wounds for 60 gold pieces
 46211 | Orc:2    | Bought a scroll of blinking for 90 gold pieces
 46236 | Orc:2    | Bought a scroll of teleportation for 57 gold pieces
 46268 | Orc:2    | Bought a pair of jewelled boots for 228 gold pieces
 46268 | Orc:2    | Identified the +2 pair of boots of the Evening Star {rF+}
                  | (You bought it in a shop on level 2 of the Orcish Mines)
 46280 | Orc:2    | Bought a polished leather armour for 168 gold pieces
 46280 | Orc:2    | Identified the +2 leather armour "Coqam" {rPois Int+3} (You
                  | bought it in a shop on level 2 of the Orcish Mines)
 46286 | Orc:2    | Bought a sapphire-encrusted leather armour for 168 gold
                  | pieces
 46286 | Orc:2    | Identified the +0 leather armour of the Blizzard {+Inv
                  | Str+3 Stlth-} (You bought it in a shop on level 2 of the
                  | Orcish Mines)
 46297 | Orc:2    | Bought a glowing cloak for 180 gold pieces
 46425 | D:10     | Bought Jasemoit's Incunable of the Assembled Barrage for
                  | 480 gold pieces
 46637 | D:2      | Bought a scroll of amnesia for 40 gold pieces
 46645 | D:2      | Learned a level 6 spell: Simulacrum
 46861 | D:10     | Bought a potion of brilliance for 64 gold pieces
 49221 | D:13     | Found a stormy altar of Qazlal.
 49890 | D:13     | Learned a level 6 spell: Eringya's Noxious Bog
 50490 | D:14     | Noticed Snorg
 50499 | D:14     | Killed Snorg
 51436 | D:15     | Entered Level 15 of the Dungeon
 51827 | D:2      | Bought a scroll of magic mapping for 105 gold pieces
 52449 | D:14     | Identified the +2 robe of Xythun {Drain Fly Int-2 Slay+4}
 52454 | D:14     | Identified the ring "Quis" {Int+3 Dex+6}
 53003 | D:14     | Found a gate to the Vaults.
 53296 | D:14     | HP: 4/125 [phantasmal warrior[a death knight] (26)]
 54496 | D:15     | Reached XP level 16. HP: 124/132 MP: 16/34
 54626 | D:15     | Found a glowing silver altar of Zin.
 55059 | D:15     | Found a staircase to the Depths.
 55103 | D:15     | Found a basalt altar of Yredelemnul.
 55473 | D:15     | Learned a level 5 spell: Summon Mana Viper
 55542 | D:15     | Reached skill level 12 in Invocations
 55847 | D:15     | Noticed Nessos
 56920 | D:15     | Killed Nessos
 58127 | Snake:1  | Entered Level 1 of the Snake Pit
 58593 | Snake:1  | Learned a level 6 spell: Iron Shot
 58885 | Snake:1  | Reached ***** piety under Ashenzari
 61535 | Snake:2  | Found Atitupt's Weapon Boutique.
 61535 | Snake:2  | Found Patusyb's Weapon Shop.
 62040 | Snake:2  | Noticed Agnes
 62186 | Snake:2  | Killed Agnes
 63062 | Snake:3  | Reached XP level 17. HP: 144/144 MP: 19/38
 63237 | Snake:3  | Reached skill level 10 in Conjurations
 63237 | Snake:3  | Reached skill level 10 in Hexes
 63237 | Snake:3  | Reached skill level 10 in Summonings
 63237 | Snake:3  | Reached skill level 10 in Translocations
 63237 | Snake:3  | Reached skill level 10 in Transmutations
 63237 | Snake:3  | Reached skill level 10 in Fire Magic
 63237 | Snake:3  | Reached skill level 10 in Ice Magic
 63237 | Snake:3  | Reached skill level 10 in Air Magic
 63237 | Snake:3  | Reached skill level 10 in Earth Magic
 63237 | Snake:3  | Reached skill level 10 in Poison Magic
 63681 | Snake:3  | Reached skill level 13 in Invocations
 64051 | Snake:3  | Found Yseyramuta's Self-Improvement Boutique.
 64475 | Snake:4  | Entered Level 4 of the Snake Pit
 67540 | Snake:4  | Noticed Mlioglotl
 67694 | D:10     | Bought a book of Spectacle for 480 gold pieces
 67707 | D:10     | Learned a level 6 spell: Starburst
 67717 | D:10     | Learned a level 6 spell: Statue Form
 67889 | Snake:4  | Killed Mlioglotl
 68658 | Snake:4  | Noticed Kirke
 68672 | Snake:4  | Killed Kirke
 71467 | Snake:4  | Reached XP level 18. HP: 143/149 MP: 20/38
 71839 | Snake:4  | Got a serpentine rune of Zot
 72305 | Shoals:1 | Entered Level 1 of the Shoals
 72379 | Shoals:1 | Identified the cursed +0 pair of gloves of the Eye in the
                  | Sky {Str+3, Alch, Evo} (You found it in an ice cave)
 73579 | Shoals:1 | Noticed Jorgrun
 73583 | Shoals:1 | Killed Jorgrun
 74417 | Shoals:2 | Identified the +1 ring mail "Paumoyre" {rC+ Dex+4}
 75867 | Shoals:3 | Found Zemp's Armour Shoppe.
 75881 | Shoals:3 | Noticed Ilsuiw
 75890 | Shoals:3 | Killed Ilsuiw
 75896 | Shoals:3 | Noticed Louise
 75908 | Shoals:3 | Killed Louise
 75909 | Shoals:3 | Reached skill level 14 in Invocations
 76795 | Shoals:4 | Entered Level 4 of the Shoals
 76795 | Shoals:4 | Identified the +2 chain mail of Sept {*Slow Str+5}
 76806 | Shoals:4 | Noticed Polyphemus
 76808 | Shoals:4 | Acquired 952 gold pieces
 77497 | Orc:2    | Found Poloen's Weapon Emporium.
 77671 | Elf:1    | Entered Level 1 of the Elven Halls
 78620 | D:2      | Bought a book of Alchemy for 336 gold pieces
 79194 | D:2      | Bought a scroll of enchant weapon for 75 gold pieces
 79194 | D:2      | Bought a scroll of poison for 40 gold pieces
 79251 | D:2      | Bought a scroll of enchant weapon for 105 gold pieces
 79251 | D:2      | Bought a scroll of enchant weapon for 105 gold pieces
 79415 | D:10     | Bought 2 potions of heal wounds for 160 gold pieces
 79415 | D:10     | Bought a potion of might for 64 gold pieces
 79415 | D:10     | Bought a potion of cancellation for 128 gold pieces
 79581 | Elf:1    | Identified the Handbook of Relocation
 79718 | Elf:1    | Found Aturghyed's Weapon Boutique.
 79720 | Elf:1    | Found Rofrahy's Book Shop.
 79722 | Elf:1    | Found Panui's General Store.
 80767 | Elf:2    | Reached XP level 19. HP: 159/159 MP: 29/40
 82348 | Elf:2    | Learned a level 2 spell: Sublimation of Blood
 82807 | Elf:2    | Found a runed translucent gate.
 82807 | Elf:2    | Found a runed translucent gate.
 82808 | Elf:2    | Found a runed translucent gate.
 84022 | Vaults:1 | Entered Level 1 of the Vaults
 87327 | Vaults:1 | Reached skill level 15 in Invocations
 88661 | Vaults:2 | Reached XP level 20. HP: 168/168 MP: 6/42
 90979 | Vaults:2 | Found the ring of Shadows {Umbra +Inv Stlth+}
 90982 | Vaults:2 | Found a transporter.
 90982 | Vaults:2 | Identified the amulet of Loniq {Reflect rElec Regen+ Str+2
                  | Slay-4 SH+5}
 90984 | Vaults:2 | Identified the ring "Veaclado" {rF++ AC+4 Int+5 Slay+2}
 90984 | Vaults:2 | Identified the ring "Ytaeffo" {Contam Fly Str+3 Dex+2}
 91022 | Vaults:2 | Found a transporter.
 91166 | Vaults:2 | Reached skill level 15 in Spellcasting
 92637 | Vaults:3 | Reached skill level 15 in Dodging
 93087 | Vaults:3 | Found Rabickoj's Antique Weapon Shop.
 93179 | Vaults:3 | Reached skill level 15 in Stealth
 93708 | Vaults:3 | Found a staircase to the Crypt.
 93708 | Vaults:3 | Found a basalt altar of Yredelemnul.
 93708 | Vaults:3 | Found an ancient bone altar of Kikubaaqudgha.
 94325 | Vaults:4 | Learned a level 2 spell: Blink
 94364 | Vaults:4 | Reached XP level 21. HP: 177/177 MP: 1/43
 95866 | Vaults:4 | Reached skill level 16 in Invocations
 96489 | Vaults:4 | Found Ipla's Armour Shoppe.
 97423 | Shoals:4 | Killed Polyphemus
 97964 | Shoals:4 | Reached skill level 15 in Fighting
 97964 | Shoals:4 | Reached skill level 15 in Short Blades
 97964 | Shoals:4 | Reached skill level 15 in Long Blades
 97964 | Shoals:4 | Reached skill level 15 in Axes
 97964 | Shoals:4 | Reached skill level 15 in Maces & Flails
 97964 | Shoals:4 | Reached skill level 15 in Polearms
 97964 | Shoals:4 | Reached skill level 15 in Staves
 97964 | Shoals:4 | Reached skill level 15 in Ranged Weapons
 97964 | Shoals:4 | Reached skill level 15 in Throwing
 97964 | Shoals:4 | Reached skill level 15 in Armour
 97964 | Shoals:4 | Reached skill level 15 in Shields
 97964 | Shoals:4 | Reached skill level 15 in Unarmed Combat
 97964 | Shoals:4 | Reached skill level 15 in Evocations
 98324 | Shoals:4 | Identified the +6 morningstar of a volcano {distort, rCorr
                  | Str-4 Int+6 SInv}
 99373 | Shoals:4 | Got a barnacled rune of Zot
100007 | Elf:3    | Entered Level 3 of the Elven Halls
100327 | Elf:3    | Found Lizxo's Antique Armour Boutique.
100694 | Elf:2    | Reached XP level 22. HP: 110/186 MP: 13/45
101435 | Elf:3    | Identified the +0 swamp dragon scales of Tenacity {Harm
                  | rPois Regen+ Dex+5 Slay-3}
101477 | Elf:3    | Found a shimmering blue altar of Sif Muna.
101808 | Elf:3    | Identified the +9 morningstar of Tiupehes {antimagic, Str+3
                  | Dex+3}
103985 | Elf:3    | Identified the +6 morningstar of the Orcish Mines {spect,
                  | *Noise rPois Stlth+}
104264 | Elf:3    | Identified the +2 spear of the Skies Above {freeze, rC+
                  | Stlth+}
104596 | Elf:3    | Found Acuicec's Weapon Shoppe.
104883 | Elf:3    | Found Amnyngem's Distillery.
104995 | Elf:3    | Identified the ring of Samoa {Ice rN++ Int-2 Slay+2}
105172 | Elf:2    | Found a radiant altar of Vehumet.
105400 | Elf:3    | Identified the Quarto of Breath
105465 | Elf:3    | Identified the +1 cloak "Gackir" {rElec Dex+4}
105465 | Elf:3    | Identified the Octavo of the Hexing Tundra
105501 | Elf:3    | Learned a level 7 spell: Malign Gateway
106232 | Depths:1 | Entered Level 1 of the Depths
106643 | Depths:1 | Found a one-way gateway to a ziggurat.
106857 | Depths:1 | Learned a level 2 spell: Passwall
107229 | Depths:1 | Found a gateway to Hell.
107732 | Depths:1 | Reached skill level 17 in Invocations
108199 | Depths:1 | Found a glowing golden altar of the Shining One.
108352 | Depths:1 | Reached skill level 15 in Necromancy
109045 | Depths:2 | Found a one-way gate leading to the halls of Pandemonium.
110159 | Depths:2 | Found a one-way gate to the infinite horrors of the Abyss.
110161 | Depths:2 | Noticed Asterion
110164 | Depths:2 | HP: 7/188 [tengu reaver/bolt of lightning (14)]
110164 | Depths:2 | Killed from afar by a tengu reaver

Illustrated notes

Levels and vault maps discovered:
D:1:      noname_arrival_rooms_in_the_neighbourhood, layout_basic,
          corner_web_ring, kennysheep_flooded_box
D:2:      layout_loops_corners, serial_co_window_serial, co_window_corner_a,
          co_window_corner_a, co_window_paths_b, co_window_paths_a,
          co_window_corner_a, co_window_corner_b, co_window_2corner,
          co_window_unsneaky_path_b, co_window_broadway_b, co_window_corner_b,
          co_window_of_opportunity_c, glass_columns_c, glass_columns_c,
          glass_columns_a, glass_columns_c, serial_shops, nicolae_shop_stone,
          nicolae_shop_statue_plus, nicolae_shop_behind_doors, shop,
          uniq_terence
D:3:      layout_loops_corners, mainiacjoe_overflow_alcove_2,
          lightli_sewer_entry_pipes
D:4:      layout_cave_pools, mainiacjoe_overflow_tiny_flanked,
          lightli_corner_chamber
D:5:      layout_basic, dancing_weapons_uskayaw, nrook_campfire
D:6:      layout_basic, kennysheep_mini, serial_shops, shop,
          corexii_checkpoint_a, uniq_sigmund
D:7:      layout_rooms, minmay_temple_entry_grid,
          hangedman_decor_clover_reticule
D:8:      nzn_winding_woodlands_large [nzn_winding_woodlands_5x5_checkerboard,
          nzn_winding_woodlands_5x15_twine, nzn_winding_woodlands_5x5_default,
          nzn_winding_woodlands_center_lodge,
          nzn_winding_woodlands_15x15_boxy_spiral,
          nzn_winding_woodlands_center_garden, nzn_winding_woodlands_hourglass,
          nzn_winding_woodlands_5x15_split_checker,
          nzn_winding_woodlands_5x5_open_star], layout_loops_cross,
          grunt_gozag_statues, xom_teletrap_fun, serial_glass, glass_columns_a,
          glass_columns_a, enter_bailey_4,
          hangedman_abyss_or_decor_jellyfish_corner
D:9:      layout_basic, gammafunk_temple_overflow_statue
D:10:     lemuel_ice_statue, layout_gridville, serial_shops,
          nicolae_take_the_stairs, shop, nicolae_shop_stone, shop, shop,
          nicolae_trove_entry_free_sample, minmay_fountain_box,
          hangedman_misty_isle
D:11:     layout_basic, lair_entry_dummy, zombieorc2_lemuel,
          minmay_misc_feat_square, minmay_bent, uniq_erolcha, uniq_grum
D:12:     layout_irregular_city
D:13:     layout_roguey, nicolae_qazlal_eye_of_the_storm
D:14:     layout_rooms, ximxim_vaults_locker_room, uniq_snorg
D:15:     grunt_enter_depths_hoard, layout_basic, lemuel_doored_altar,
          hex_intersection, minmay_misc_feat_roman, grunt_ministairs_9,
          minmay_misc_feat_diagonals, zin_academy, uniq_nessos
Temple:   eino_temple_water
Lair:1:   layout_layer_cave, serial_bayou_shore_a
Lair:2:   layout_hall_layers, guppyfry_snake_entry_garden, grunt_megastairs_1
Lair:3:   cheibrodos_lair_overgrown_chateau, layout_regular_city,
          nicolae_shoals_entry_roost
Lair:4:   beast_lair_carwin_large_2, layout_misc_corridors, slime_entry_1,
          lemuel_fruit_fields
Lair:5:   wormcave, layout_regular_city
Shoals:1: nicolae_shoals_island_circles, layout_shoals, uniq_jorgrun
Shoals:2: layout_shoals, nicolae_shoals_mertower
Shoals:3: cheibrodos_shoals_roost, layout_shoals, serial_shops,
          nicolae_shop_advertising_works [nicolae_subvault_shop_adworks],
          uniq_ilsuiw, uniq_louise
Shoals:4: shoals_end_hellmonk_lost_city, serial_shops, uniq_polyphemus
Snake:1:  layout_rooms, grunt_megastairs_3
Snake:2:  layout_rooms, minmay_shoptagon, uniq_agnes
Snake:3:  layout_cave_town, nicolae_shop_self_help
Snake:4:  snake_pit, layout_misc_corridors, uniq_kirke, uniq_mlioglotl
Orc:1:    layout_caves, portal_ice_cave_entry_pillars_1, uniq_fannar
Orc:2:    st_orc_town, layout_caves, serial_shops, nicolae_shop_trees, shop,
          nicolae_shop_statue_plus, uniq_maurice
Elf:1:    minmay_elf_arrival_circle, layout_loops_cross, minmay_shop_star
Elf:2:    nicolae_elf_blades_splatter_lattice [nooodl_blade_entry_preview],
          layout_geoelf_octagon, lemuel_elevator, lemuel_upstairs_altar
Elf:3:    minmay_elf_hall_not_hex, layout_gridlike, serial_shops,
          nicolae_shop_statue_plus, nicolae_shop_behind_doors,
          nicolae_shop_crystal, st_stairs_7, nicolae_elf_theology_debate
Vaults:1: nicolae_vaults_diagonal_hallway_8, vaults_standard_mumra_lines,
          grunt_vaults_funnel, v_alt_pattern_3, v_misc_24, v_alt_pattern_5,
          nicolae_vaults_mini_display_case, v_misc_3, v_pattern_4,
          nicolae_vaults_little_squares_2, v_misc_8, layout_vaults_big_room
Vaults:2: hangedman_vaults_river_flow, vaults_dpeg_emergency_exit,
          gammafunk_dig_for_victory, hangedman_vaults_locks,
          ontoclasm_vaults_ring_small, nicolae_vaults_diagonal_hallway_7,
          vaults_dpeg_ring, vaults_mumra_hexcomb, ontoclasm_vaults_ring_large,
          layout_vaults_omnibox
Vaults:3: minmay_crypt_entry_necro_gods, v_misc_4, vaults_room_pools,
          dpeg_vaults_monster_row, st_cross, vaults_mumra_minichess_inversion,
          vaults_room_door_ring, vaults_room_ringed_pool, vaults_dpeg_hooks,
          hangedman_vaults_snaps, ontoclasm_vaults_eye,
          nicolae_vaults_network_quinsquares
          [nicolae_vaults_network_quincunx_subvault,
          nicolae_vaults_network_quincunx_subvault,
          nicolae_vaults_network_quincunx_subvault,
          nicolae_vaults_network_quincunx_subvault], layout_vaults_big_cross,
          serial_shops, shop
Vaults:4: hangedman_vaults_corner, v_misc_18, hangedman_vaults_variations,
          vaults_mumra_minichess, nicolae_vaults_windows_and_doors_thing,
          v_rooms_6, vaults_room_stairs_pillars, nicolae_vaults_gold_heap,
          v_misc_14, nicolae_vaults_holding_cells, layout_vaults_maze_snakey,
          serial_shops, nicolae_shop_trees
Depths:1: layout_gridlike, enter_ziggurat_b, nicolae_tso_carved_into_rock,
          grunt_mini_vestibule, grunt_tough_drop
Depths:2: minmay_heptahexagon, layout_basic, corexii_corridor_pit, abyss_entry,
          pan_entry, pf_coc_iceberg, nrook_kobold_shadow_demons, uniq_asterion

Skill      XL: |  1  2  3  4  5  6  7  8  9 10 11 12 13 14 15 16 17 18 19 20 21 22 |
---------------+-------------------------------------------------------------------+-----
Spellcasting   | 5 6 7 8 9 10 11 12 13 14 15 16 | 16.6
Invocations    | 1 2 3 4 5 7 8 10 11 12 13 14 15 16 17 | 17.2
Fighting       | 1 2 3 5 6 7 8 9 10 11 12 13 14 15 16 | 16.1
Short Blades   | 1 2 3 5 6 7 8 9 10 11 12 13 14 15 | 15.9
Long Blades    | 1 2 3 5 6 7 8 9 10 11 12 13 14 15 | 15.9
Axes           | 1 2 3 5 6 7 8 9 10 11 12 13 14 15 | 15.9
Maces & Flails | 1 2 3 5 6 7 8 9 10 11 12 13 14 15 | 15.9
Polearms       | 1 2 3 5 6 7 8 9 10 11 12 13 14 15 | 15.9
Staves         | 1 2 3 5 6 7 8 9 10 11 12 13 14 15 | 15.9
Ranged Weapons | 1 2 3 5 6 7 8 9 10 11 12 13 14 15 | 15.9
Throwing       | 1 2 3 5 6 7 8 9 10 11 12 13 14 15 | 15.9
Armour         | 1 2 3 5 6 7 8 9 10 11 12 13 14 15 | 15.9
Shields        | 1 2 3 5 6 7 8 9 10 11 12 13 14 15 | 15.9
Unarmed Combat | 1 2 3 5 6 7 8 9 10 11 12 13 14 15 | 15.9
Evocations     | 1 2 3 5 6 7 8 9 10 11 12 13 14 15 | 15.9
Conjurations   | 1 2 3 4 5 6 7 8 9 10 11 12 13 | 13.5
Hexes          | 1 2 3 4 5 6 7 8 9 10 11 12 13 | 13.5
Summonings     | 1 2 3 4 5 6 7 8 9 10 11 12 13 | 13.5
Translocations | 1 2 3 4 5 6 7 8 9 10 11 12 13 | 13.5
Transmutations | 1 2 3 4 5 6 7 8 9 10 11 12 13 | 13.5
Fire Magic     | 1 2 3 4 5 6 7 8 9 10 11 12 13 | 13.5
Ice Magic      | 1 2 3 4 5 6 7 8 9 10 11 12 13 | 13.5
Air Magic      | 1 2 3 4 5 6 7 8 9 10 11 12 13 | 13.5
Earth Magic    | 1 2 3 4 5 6 7 8 9 10 11 12 13 | 13.5
Poison Magic   | 1 2 3 4 5 6 7 8 9 10 11 12 13 | 13.5
Dodging        | 5 6 8 9 10 11 12 13 14 15 16 | 16.5
Stealth        | 5 6 8 9 10 11 12 13 14 15 16 | 16.4
Necromancy     | 8 9 10 11 12 13 14 15 | 15.1

Action                     |  1- 3 |  4- 6 |  7- 9 | 10-12 | 13-15 | 16-18 | 19-21 | 22-24 || total
---------------------------+-------+-------+-------+-------+-------+-------+-------+-------++-------
  Melee: Staff             |       |     5 |     9 |    26 |    69 |    30 |     8 |     3 ||   150
         Hand axe          |       |     1 |    35 |       |       |       |       |       ||    36
         Unarmed           |       |     1 |       |       |       |     3 |       |       ||     4
         Spear             |       |     4 |       |    13 |       |       |       |       ||    17
         Dagger            |       |     4 |       |    15 |       |       |       |       ||    19
         Bite              |       |       |     6 |    14 |    38 |    15 |    13 |     1 ||    87
         Punch             |       |       |     1 |     7 |    18 |       |       |       ||    26
         Scimitar          |       |       |       |    29 |   173 |    39 |       |       ||   241
         Long sword        |       |       |       |    27 |       |       |       |       ||    27
         Whip              |       |       |       |    14 |    16 |       |       |       ||    30
         Demon trident     |       |       |       |       |       |    53 |    54 |     7 ||   114
   Fire: Sling             |       |       |       |     3 |   237 |   167 |       |       ||   407
         Hand crossbow     |       |       |       |       |       |       |    70 |     1 ||    71
  Throw: Boomerang         |       |     7 |    23 |    72 |   126 |    69 |     5 |       ||   302
         Dart              |       |       |    13 |    41 |   213 |       |       |       ||   267
         Throwing net      |       |       |     2 |       |       |     3 |     1 |       ||     6
   Cast: Necrotise         |    47 |    81 |    48 |       |       |       |       |       ||   176
         Shock             |       |    47 |   119 |    98 |     1 |       |       |       ||   265
         Vampiric Draining |       |    19 |    52 |    51 |    72 |    14 |     9 |     1 ||   218
         Mephitic Cloud    |       |     2 |     5 |    52 |    71 |    11 |    38 |     3 ||   182
         Animate Dead      |       |       |     2 |     8 |    26 |    25 |    15 |    10 ||    86
         Airstrike         |       |       |       |    66 |    65 |    23 |       |       ||   154
         Borgnjor's Vile C |       |       |       |    31 |   174 |   224 |    80 |    54 ||   563
         Anguish           |       |       |       |     4 |     2 |       |       |       ||     6
         Sticky Flame      |       |       |       |       |     3 |       |       |       ||     3
         Teleport Other    |       |       |       |       |     2 |       |       |       ||     2
         Lee's Rapid Decon |       |       |       |       |    93 |   143 |    71 |    51 ||   358
         Metabolic Englaci |       |       |       |       |     7 |       |       |       ||     7
         Simulacrum        |       |       |       |       |     5 |    47 |   143 |    10 ||   205
         Eringya's Noxious |       |       |       |       |     4 |    11 |     4 |       ||    19
         Summon Mana Viper |       |       |       |       |       |     5 |       |       ||     5
         Iron Shot         |       |       |       |       |       |    39 |   180 |    82 ||   301
         Starburst         |       |       |       |       |       |    20 |    13 |     1 ||    34
         Statue Form       |       |       |       |       |       |     2 |       |       ||     2
         Sublimation of Bl |       |       |       |       |       |       |    66 |    12 ||    78
         Malign Gateway    |       |       |       |       |       |       |       |    12 ||    12
         Blink             |       |       |       |       |       |       |       |     1 ||     1
 Invoke: Curse Item        |       |       |       |     4 |     5 |     3 |     1 |       ||    13
         Shatter the Chain |       |       |       |     1 |     2 |     1 |     1 |       ||     5
  Evoke: Wand              |       |       |     2 |    26 |    28 |    25 |    18 |     2 ||   101
         Tin of tremorston |       |       |       |       |     9 |    12 |    12 |     5 ||    38
         Condenser vane    |       |       |       |       |     3 |    10 |    13 |     4 ||    30
         Phial of floods   |       |       |       |       |       |    10 |    11 |     5 ||    26
         Box of beasts     |       |       |       |       |       |       |     9 |     3 ||    12
    Use: Scroll            |     4 |     7 |     2 |    13 |    12 |    10 |    11 |     5 ||    64
         Potion            |       |       |     1 |    15 |     9 |     6 |     2 |     1 ||    34
   Stab: Sleeping          |       |     1 |       |       |       |     1 |     1 |       ||     3
         Confused          |       |       |     2 |     4 |       |     4 |     1 |       ||    11
         Distracted        |       |       |       |     1 |     1 |     1 |     1 |       ||     4
         Invisible         |       |       |       |       |     1 |     1 |       |       ||     2
 Armour: Robe              |     6 |     6 |     8 |    29 |       |       |       |       ||    49
         Leather armour    |       |       |     6 |     4 |       |       |    78 |    29 ||   117
         Skin              |       |       |       |     7 |       |     2 |       |       ||     9
         Scale mail        |       |       |       |    52 |    60 |       |       |       ||   112
         Ring mail         |       |       |       |    17 |   225 |   150 |     8 |       ||   400
  Dodge: Dodged            |    10 |    46 |    80 |   244 |   519 |   261 |   167 |    44 ||  1371
  Block: Kite shield       |       |       |       |       |    35 |   363 |   232 |    75 ||   705
         Buckler           |       |       |       |       |    28 |       |       |       ||    28

Table legend: (Time is in decaauts)
 A = Elapsed time spent in this place.
 B = Non-inter-level travel time spent in this place.
 C = Inter-level travel time spent in this place.
 D = Time resting spent in this place.
 E = Time spent auto-exploring this place.
 F = Levels seen in this place.
 G = Mean time per level.
                   A        B        C        D        E       F      G
               +--------+--------+--------+--------+--------+-----+--------+
         Total | 110391 | 102971 |   7420 |  55388 |  30331 |  41 | 2692.5 |
       Dungeon |  40307 |  35489 |   4818 |  18605 |  11104 |  15 | 2687.1 |
        Temple |     83 |     67 |     16 |      0 |     48 |   1 |   83.0 |
          Lair |  15765 |  15191 |    574 |   8082 |   5012 |   5 | 3153.0 |
        Shoals |   7370 |   6975 |    395 |   2452 |   2785 |   4 | 1842.5 |
     Snake Pit |  13889 |  13443 |    446 |   8891 |   2568 |   4 | 3472.2 |
  Orcish Mines |   4566 |   4165 |    401 |   2025 |   1187 |   2 | 2283.0 |
   Elven Halls |   9897 |   9530 |    367 |   5914 |   2026 |   3 | 3299.0 |
        Vaults |  12572 |  12247 |    325 |   5439 |   4736 |   4 | 3143.0 |
        Depths |   3935 |   3859 |     76 |   2208 |    814 |   2 | 1967.5 |
      Ice Cave |   2001 |   2001 |      0 |   1771 |     50 |   1 | 2001.0 |
               +--------+--------+--------+--------+--------+-----+--------+

Top non-repeatable levels by time:
  Lair:3: 6302 daAuts
     D:8: 5800 daAuts
   Elf:3: 5042 daAuts
 Snake:3: 4917 daAuts
 Snake:4: 4255 daAuts
    D:14: 4124 daAuts
    D:10: 4023 daAuts
Vaults:1: 3774 daAuts
Depths:1: 3590 daAuts
   Elf:2: 3505 daAuts
Vaults:2: 3425 daAuts
    D:11: 3388 daAuts
   Orc:2: 3314 daAuts
    D:15: 3139 daAuts
Vaults:3: 3006 daAuts
